 Dungeon Crawl Stone Soup version 0.31.0-32-g396128a36d (webtiles) character file.

Game seed: 18365545634777443089

1 Finalfun the Scratcher (level 1, 0/10 HPs)
             Began as a Felid Shapeshifter on Mar 24, 2024.
             Slain by a goblin
             ... wielding a +0 club
              (5 damage)
             ... on level 1 of the Dungeon.
             The game lasted 00:00:35 (26 turns).

Finalfun the Scratcher (Felid Shapeshifter)           Turns: 26, Time: 00:00:35

Health: 0/10       AC:  1    Str: 10    XL:     1   Next: 16%
Magic:  2/2        EV: 17    Int: 13    God:
Gold:   0          SH:  0    Dex: 15    Spells: 0/0 levels left
                                        Lives:  0   Deaths: 1

rFire   . .          .
                       - Unarmed
rCold   . . .        (shield unavailable)
rNeg    . . .        (body armour unavailable)
rPois   .            (helmet unavailable)
rElec   .            (cloak unavailable)
rCorr   .            (gloves unavailable)
SInv    +            (boots unavailable)
Will    .....        (no amulet)
Stlth   +            (no ring)
HPRegen 0.21/turn    (no ring)
MPRegen 0.08/turn

%: no passive effects
@: beast-form
A: beast (slay +1), very small, claws 1, fangs 3, see invisible, shaggy fur 1,
stealthy paws, no weapons or thrown items, no armour, multi-lived
a: Begin Untransformation


You were on level 1 of the Dungeon.
You were a hulking beast.
You visited 1 branch of the dungeon, and saw 1 of its levels.

Inventory:

Talismans
 b - a beast talisman (active)
 c - a flux talisman
Potions
 a - a potion of lignification


   Skills:
 - Level 1.0 Fighting
 - Level 2.6 Dodging
 - Level 3.0 Unarmed Combat
 + Level 2.7 Shapeshifting


You couldn't memorise any spells.
You didn't know any spells.
Your spell library was empty.

Dungeon Overview and Level Annotations

Branches:
Dungeon (1/15)

Altars:


Innate Abilities, Weirdness & Mutations

You are a hulking beast.
Your limbs bulge with bestial killing power. (Slay +1)
You have sharp claws.
You have razor-sharp teeth.
You have supernaturally acute eyesight. (SInv)
You are covered in fur. (AC +1)
Your paws help you pounce on unaware monsters.
You are incapable of wielding weapons or throwing items.
You cannot wear armour.
You gain extra lives every three experience levels.


Message History

Press ? for a list of commands and other information.
Found 18 gold pieces.
Found a staircase leading out of the dungeon.
You begin transforming.
You continue transforming. x3
Your transformation has ended.
You turn into a hulking beast.
A rat comes into view.
Found 16 gold pieces and a pair of glowing gloves.
A rat is nearby!
A goblin comes into view. It is wielding a +0 club.
The goblin shouts!
A quokka comes into view.
The rat squeaks loudly.
You scratch the rat.
You kill the rat!
You closely miss the goblin.
A bat comes into view.
The goblin hits you with a +0 club.
You barely miss the quokka. The quokka bites you.
Ouch! That really hurt!
* * * LOW HITPOINT WARNING * * *
You are too injured to fight recklessly!
The goblin attacks as it pursues you! The goblin misses you.
The quokka bites you.
You die...
Your shape twists and changes as you die.
You rejoin the land of the living...
Found 14 gold pieces.
Okay, then.
The bat barely misses you.
You claw the bat!
You kill the bat!
You see here a bat corpse.
The goblin hits you with a +0 club.
You completely miss the goblin. The quokka completely misses you.
The goblin barely misses you.
You closely miss the goblin. The quokka bites you.
The goblin hits you with a +0 club.
Ouch! That really hurt!
You die...

####+###########
#..............#
#.....[...gh†..#########
#.........r............#
#......................#
+..$.†.................#
###..†...............$...#
##...........#####........#
###..........#.# #........#
...$..#####..#...
+..........
###..#.....#....#
#........##


You could see a quokka and a goblin.

Vanquished Creatures
  A bat (D:1)
  A rat (D:1)
2 creatures vanquished.

Notes
Turn   | Place    | Note
-------+----------+-------------------------------------------
     0 | D:1      | Finalfun the Felid Shapeshifter began the quest for the
                  | Orb.
     0 | D:1      | Reached XP level 1. HP: 10/10 MP: 2/2
    15 | D:1      | Slain by a quokka
    15 | D:1      | Lost a life (0 lives remaining)
    26 | D:1      | Slain by a goblin

Illustrated notes

Levels and vault maps discovered:
D:1:      scummos_arrival_hexagon, layout_basic, minmay_gold_behind_fungi,
          minivault_24

Action                     || total
---------------------------++-------
  Melee: Unarmed           ||     6
 Armour: Skin              ||     6
  Dodge: Dodged            ||     4
   Form: Beast             ||     1
